 Dungeon Crawl Stone Soup version 0.28.0-53-g5a82cb258f (webtiles) character file.

Game seed: 7210163112082948429

25 Notanamesir the Cudgeller (level 2, 27/27 HPs)
             Began as a Minotaur Berserker on Aug 13, 2022.
             Was a Follower of Trog.
             Quit the game on level 1 of the Dungeon.
             The game lasted 00:17:45 (1338 turns).

Notanamesir the Cudgeller (Minotaur Berserker)      Turns: 1338, Time: 00:17:46

Health: 27/27      AC:  5    Str: 21    XL:     2   Next: 86%
Magic:  1/1        EV: 11    Int:  4    God:    Trog [*.....]
Gold:   10         SH:  0    Dex:  9    Spells: 1/1 levels left

rFire   x . .      SeeInvis .   a - +0 mace
rCold   + . .      Faith    .   (no shield)
rNeg    . . .      Spirit   .   c - +0 ring mail
rPois   .          Reflect  .   (helmet restricted)
rElec   .          Harm     .   (no cloak)
rCorr   .          Rampage  .   (no gloves)
Will    .....                   (no boots)
Stlth   ..........              (no amulet)
HPRegen 0.09/turn               i - ring of ice
MPRegen 0.07/turn               (no ring)

@: no status effects
A: horns 2, retaliatory headbutt
a: Renounce Religion, Berserk


You were on level 1 of the Dungeon.
You worshipped Trog.
Trog was aware of your devotion.
You visited 1 branch of the dungeon, and saw 1 of its levels.

You collected 10 gold pieces.

Inventory:

Hand Weapons
 a - a +0 mace (weapon)
 e - a +0 hunting sling
Missiles
 b - 38 stones (quivered)
Armour
 c - a +0 ring mail (worn)
Jewellery
 i - a ring of ice (left hand)
Scrolls
 d - a scroll of magic mapping {unknown}
 g - 2 scrolls of teleportation {unknown}
Potions
 f - a potion of curing {unknown}
 h - a potion of haste {unknown}


   Skills:
 + Level 4.1 Fighting
 + Level 4.2 Maces & Flails
 + Level 2.5 Armour
 + Level 2.5 Dodging


You had one spell level left.
You didn't know any spells.
Your spell library was empty.

Dungeon Overview and Level Annotations

Branches:
Dungeon (1/15)

Altars:


Innate Abilities, Weirdness & Mutations

You have a pair of horns on your head.
You reflexively headbutt those who attack you in melee.


Message History

Aim: a dart slug (93% to hit)
You throw a stone.
The stone hits the dart slug but does no damage.
You hit the dart slug.
The dart slug is moderately wounded.
The dart slug barely misses you.
You hit the dart slug.
The dart slug is moderately wounded.
The dart slug barely misses you.
You thump the dart slug!
You kill the dart slug!
Trog accepts your kill.
You see here a dart slug corpse.
b - 38 stones (gained 1)
A hobgoblin comes into view.
The hobgoblin shouts!
Throw: 38 stones
Press: ? - help, Q - select action Shift-Dir - straight line, f - hobgoblin
Aim: a hobgoblin (56% to hit)
You throw a stone. The stone hits the hobgoblin.
The hobgoblin is moderately wounded.
You hit the hobgoblin.
The hobgoblin is heavily wounded.
The hobgoblin hits you. x2
You closely miss the hobgoblin. You headbutt the hobgoblin.
You kill the hobgoblin!
Trog accepts your kill.
b - 38 stones (gained 1)
A hobgoblin comes into view.
The hobgoblin shouts!
The hobgoblin closely misses you. The hobgoblin barely misses you.
You furiously retaliate!
You headbutt the hobgoblin!
You kill the hobgoblin!
Trog accepts your kill.
You see here a hobgoblin corpse.
There is a stone staircase leading down here.
There is a stone staircase leading down here.
Unknown command.
Are you sure you want to abandon this character and quit the game? (Confirm with "yes".)

####..>.##..#######.##..####..#.#
.....#...........##.##.## #..#.#
####....##..####.##.##.# #..#.#
####.##........#.##### #..#.#
#.###.#.....#.....# #..#.# #.#
#.#.##..#####.####..#.# #.#
#.#.##......#.#.....#.. #.#
#...†.......#.#####.... #######.#
##....@.....#.# ##### ........#
#..##.#..†.#.# # #########
#..##.###.##.# # ##...# #..##.#
#.##.# ...#.# #..##.###.##.#
##.#.# #..##..##....# ##.#.#
#..###.####.## #.#.#######..# #.#
#.# #)#.#........# #.####.#


There were no monsters in sight!

Vanquished Creatures
  2 dart slugs (D:1)
  5 endoplasms (D:1)
  3 goblins (D:1)
  3 hobgoblins (D:1)
  A quokka (D:1)
  A ball python (D:1)
  A kobold (D:1)
  3 rats (D:1)
19 creatures vanquished.

Notes
Turn   | Place    | Note
-------+----------+-------------------------------------------
     0 | D:1      | Notanamesir the Minotaur Berserker began the quest for the
                  | Orb.
     0 | D:1      | Reached XP level 1. HP: 19/19 MP: 0/0
   399 | D:1      | Reached XP level 2. HP: 27/27 MP: 1/1
  1338 | D:1      | Quit the game

Illustrated notes

Levels and vault maps discovered:
D:1:      dpeg_arrival_pond, layout_loops_ring, serial_co_window_serial,
          co_window_corner_a, co_window_corner_a, co_window_paths_b,
          co_window_paths_b, co_window_paths_b, co_window_cross_1,
          co_window_paths_c, co_window_2corner, co_window_corner_ca,
          glass_columns_b

Skill      XL: |  1  2 |
---------------+-------+-----
Maces & Flails | 4 |  4.2
Fighting       | 4 |  4.1
Armour         | |  2.5
Dodging        | |  2.5

Action                   || total
-------------------------++-------
Melee: Mace              ||    31
       Headbutt          ||     7
 Fire: Hunting sling     ||     1
Throw: Stone             ||     5
Armor: Ring mail         ||     7
Dodge: Dodged            ||    13
